 Dungeon Crawl Stone Soup version 0.17.1-3-g152610e (webtiles) character file.

145 Stendarr the Magician (level 5, -3/45 HPs)
             Began as a Troll Fire Elementalist on Apr 17, 2016.
             Killed from afar by an orc wizard (8 damage)
             ... with a magic dart
             ... on level 3 of the Dungeon.
             The game lasted 00:04:35 (1670 turns).

Stendarr the Magician (Troll Fire Elementalist)     Turns: 1670, Time: 00:04:35

Health: -3/45      AC:  9    Str: 16    XL:     5   Next: 6%
Magic:  9/9        EV:  9    Int: 12    God:
Gold:   135        SH:  0    Dex: 10    Spells: 1 memorised, 9 levels left

rFire  . . .     SeeInvis .     i - +2 spear (distort)
rCold  . . .     Clarity  .     a - +0 robe
rNeg   . . .     SustAt   .     (no shield)
rPois  .         Gourm    +     (helmet restricted)
rElec  .         Spirit   .     (no cloak)
rCorr  .         Warding  .     (gloves unavailable)
rMut   .         Stasis   .     (boots unavailable)
MR     .....                    (no amulet)
Stlth  +.........               (no ring)
                                p - +4 ring of protection

@: not resistant to hostile enchantments, very unstealthy
A: unfitting armour, claws 3, fast metabolism 3, gourmand, regeneration 2,
shaggy fur 1, tough skin 2
a: no special abilities


You were on level 3 of the Dungeon.
You were completely stuffed.

You visited 1 branch of the dungeon, and saw 3 of its levels.

You collected 135 gold pieces.

Inventory:

Hand Weapons
 i - a +2 spear of distortion (weapon)
Armour
 a - a +0 robe (worn)
Jewellery
 p - a +4 ring of protection (left claw)
Scrolls
 f - 2 scrolls of identify {unknown}
 l - a scroll of recharging {unknown}
 n - a scroll of noise {unknown}
 r - a scroll of remove curse {unknown}
 s - a scroll of enchant armour {unknown}
Potions
 d - a potion of curing {unknown}
 e - a potion of degeneration {unknown}
 h - 2 potions of mutation {unknown}
 m - a potion of flight {unknown}
 o - a potion of brilliance {unknown}
 q - a potion of poison {unknown}
Books
 b - a book of Flames

   Spells                             Type                      Level
   a - Flame Tongue                   Conjuration/Fire             1
   b - Throw Flame                    Conjuration/Fire             2
   c - Conjure Flame                  Conjuration/Fire             3
   d - Inner Flame                    Hexes/Fire                   3
   e - Sticky Flame                   Conjuration/Fire             4
   f - Fireball                       Conjuration/Fire             5
Comestibles
 c - 3 bread rations
 g - 10 chunks of flesh
 j - a slice of pizza
 k - 4 fruits


   Skills:
 - Level 1.5 Dodging
 - Level 1.1 Stealth
 * Level 3.3 Spellcasting
 - Level 0.6 Conjurations
 - Level 2.1 Fire Magic


You had 9 spell levels left.
You knew the following spells:

 Your Spells              Type           Power        Failure   Level  Hunger
a - Flame Tongue          Conj/Fire      #....        14%         1    #......


Dungeon Overview and Level Annotations

Branches:
Dungeon (3/15)

Altars:
Elyvilon
Yredelemnul


Innate Abilities, Weirdness & Mutations

You are too large for most types of armour.
You have claws for hands.
Your metabolism is lightning-fast.
You like to eat raw meat.
You heal very quickly.
You are covered in fur (AC +1).
You have very tough skin (AC +2).


Message History

Something smites you!
The orc priest calls down the wrath of Beogh upon you.
Something smites you!
The orc wizard points at you and mumbles some strange words.
The puff of flame hits you!
You see here 22 sling bullets.
The orc wizard miscasts a cantrip.
A magic dart appears from out of thin air!
The magic dart hits you!
The orc priest invokes the aid of Beogh against you.
Something smites you!
* * * LOW HITPOINT WARNING * * *
The orc wizard points at you and mumbles some strange words.
The puff of frost hits you!
* * * LOW HITPOINT WARNING * * *
The orc wizard casts a spell.
The orc wizard seems to speed up.
The orc wizard gestures at you while chanting.
The magic dart hits you!
You die...

#.#####.####.#
#...o....o...#
##.(....####.# #.######
#o# #.# #o# #o# ##.######
#.#####{# #.........
#.......########o........
#######...).@....########
#.########## #.# ### #.#
#.. #.# #.# #.# #.#
#.###### #.#
#......##############.#
######................#


You could see an orc wizard.

Vanquished Creatures
  3 gnolls (D:2)
  6 adders (D:2)
  A worm (D:2)
  A giant gecko (D:2)
  An orc (D:3)
  A ball python (D:3)
  5 giant cockroaches
  4 hobgoblins (D:1)
  9 jackals (D:2)
  10 bats
  3 giant newts
  8 goblins
  4 kobolds
  4 rats
60 creatures vanquished.

Vanquished Creatures (others)
  A hobgoblin (D:1)
1 creature vanquished.

Grand Total: 61 creatures vanquished

Notes
Turn   | Place    | Note
--------------------------------------------------------------
     0 | D:1      | Stendarr the Troll Fire Elementalist began the quest for the Orb.
     0 | D:1      | Reached XP level 1. HP: 16/16 MP: 1/1
   199 | D:1      | Reached XP level 2. HP: 24/24 MP: 3/3
   796 | D:2      | Found a basalt altar of Yredelemnul.
   818 | D:2      | Reached XP level 3. HP: 29/31 MP: 5/5
   951 | D:2      | Found a white marble altar of Elyvilon.
   964 | D:2      | Reached XP level 4. HP: 39/39 MP: 5/7
  1199 | D:2      | Reached skill level 3 in Spellcasting
  1336 | D:2      | Reached XP level 5. HP: 45/45 MP: 8/8
  1664 | D:3      | HP: 2/45 [orc wizard/puff of frost (7)]
  1670 | D:3      | Killed from afar by an orc wizard

Action                   |  1- 3 |  4- 6 || total
-------------------------+-------+-------++-------
Melee: Unarmed           |    44 |       ||    44
       Spear             |    40 |    87 ||   127
 Cast: Flame Tongue      |     2 |     7 ||     9
 Stab: Sleeping          |     3 |     2 ||     5
  Eat: Chunk             |    14 |     7 ||    21
